 Dungeon Crawl Stone Soup version 0.22-a0-877-g5c4e1afb51 (console) character file.

131 Lexodia the Cudgeler (level 5, -8/81 HPs)
             Began as an Ogre Berserker on July 29, 2018.
             Was a Believer of Trog.
             Mangled by a gnoll
             ... wielding a +0 halberd
              (10 damage)
             ... on level 3 of the Dungeon.
             The game lasted 00:03:42 (1686 turns).

Lexodia the Cudgeler (Ogre Berserker)               Turns: 1686, Time: 00:03:43

Health: -8/81      AC:  3    Str: 27    XL:     5   Next: 14%
Magic:  0/14       EV: 10    Int:  8    God:    Trog [**....]
Gold:   107        SH:  0    Dex:  8    Spells: 4/4 levels left

rFire    . . .     SeeInvis .   a - +0 mace
rCold    . . .     Gourm    .   (no shield)
rNeg     . . .     Faith    .   b - +0 animal skin
rPois    .         Spirit   +   (helmet restricted)
rElec    .         Reflect  .   j - scarf {Spirit}
rCorr    .         Harm     .   (gloves unavailable)
MR       +....                  (boots unavailable)
Stlth    ..........             (no amulet)
HPRegen  0.23/turn              h - ring of protection from magic
MPRegen  0.14/turn              r - ring of magical power

@: berserking (expiring), very quick
A: large, unfitting armour, tough skin 1
a: Berserk, Trog's Hand, Renounce Religion


You were on level 3 of the Dungeon.
You worshipped Trog.
Trog was pleased with you.
You were hungry.

You visited 1 branch of the dungeon, and saw 3 of its levels.

You collected 107 gold pieces.

Inventory:

Hand Weapons
 a - a +0 mace (weapon)
Armour
 b - a +0 animal skin (worn)
 j - a scarf of spirit shield (worn)
Jewellery
 h - a ring of protection from magic (left hand)
 k - an uncursed ring of fire
 r - a ring of magical power (right hand)
Wands
 v - a wand of disintegration (17)
Scrolls
 d - 2 scrolls of remove curse {unknown}
 e - a scroll of blinking {unknown}
 g - 3 scrolls of identify {unknown}
 i - 3 scrolls of amnesia {unknown}
 l - a scroll of enchant weapon {unknown}
 s - a scroll of magic mapping {unknown}
 u - a scroll of teleportation {unknown}
Potions
 f - a potion of cancellation {unknown}
 m - 4 potions of curing {unknown}
 n - a potion of agility {unknown}
 o - a potion of heal wounds {unknown}
 p - a potion of berserk rage {unknown}
 q - 2 potions of degeneration {unknown}
Comestibles
 c - 5 rations
 t - 6 chunks of flesh


   Skills:
 - Level 4.0 Fighting
 + Level 5.0 Maces & Flails
 - Level 3.0 Dodging


You had 4 spell levels left.
You didn't know any spells.
Your spell library was empty.

Dungeon Overview and Level Annotations

Branches:
Dungeon (3/15)

Altars:
Elyvilon
Fedhas
Makhleb
Ru
Sif Muna


Innate Abilities, Weirdness & Mutations

You are too large for most types of armour.
You have tough skin. (AC +1)


Message History

* * * LOW HITPOINT WARNING * * *
The orc misses you.
Huge Dmg: -11%(-9hp) hp: 4%(3hp)
Press: ? - help, v - describe, . - travel
Here: a gnoll, wielding a halberd The floor.
Unknown command.
You sock the gnoll!
The gnoll is severely wounded.
A goblin comes into view.
The gnoll closely misses you. The orc barely misses you.
You closely miss the gnoll.
The gnoll is severely wounded.
The orc hits you with a club.
* * * LOW HITPOINT WARNING * * *
Huge Dmg: -2%(-2hp) hp: 3%(2hp)
You barely miss the gnoll.
The gnoll is severely wounded.
The orc barely misses you. The gnoll hits you with a halberd!
You die...

...........>#.#
..........#...###########
..........#..)..........#
..........#.............#
..........##...........)#
..........###...........#
####....................#
......................#
.............#@########
..........goo#
.#########.#s# #.#l#
#...# ##... ... #... ....


You could see a gnoll, 2 orcs, a leopard gecko and a giant cockroach.

Vanquished Creatures
  An orc priest (D:3)
  2 gnolls (D:3)
  3 adders
  A worm (D:2)
  A dart slug (D:2)
  4 leopard geckos
  An orc (D:3)
  4 bats
  A giant cockroach (D:1)
  4 goblins
  6 hobgoblins
  2 jackals (D:2)
  2 quokkas (D:2)
  2 ball pythons
  7 frilled lizards
  5 kobolds
  2 rats
48 creatures vanquished.

Notes
Turn   | Place    | Note
-------+----------+-------------------------------------------
     0 | D:1      | Lexodia the Ogre Berserker began the quest for the Orb.
     0 | D:1      | Reached XP level 1. HP: 24/24 MP: 1/1
    44 | D:1      | Huge Dmg: 5 dmg
   167 | D:1      | Reached skill level 3 in Maces & Flails
   167 | D:1      | Reached XP level 2. HP: 32/32 MP: 2/2
   778 | D:2      | Reached XP level 3. HP: 38/39 MP: 3/3
  1072 | D:2      | Found a sacrificial altar of Ru.
  1086 | D:2      | Reached skill level 4 in Maces & Flails
  1088 | D:2      | Reached ** piety under Trog
  1511 | D:3      | Found a deep blue altar of Sif Muna.
  1520 | D:3      | Reached XP level 4. HP: 48/48 MP: 4/4
  1568 | D:3      | Found a white marble altar of Elyvilon.
  1570 | D:3      | Found a blossoming altar of Fedhas.
  1570 | D:3      | Found a burning altar of Makhleb.
  1672 | D:3      | Huge Dmg: 9 dmg
  1678 | D:3      | Huge Dmg: 9 dmg
  1681 | D:3      | Reached XP level 5. HP: 18/54 MP: 4/5
  1682 | D:3      | Huge Dmg: 4 dmg
  1683 | D:3      | Reached skill level 5 in Maces & Flails
  1683 | D:3      | HP: 3/81 [gnoll/halberd (9)]
  1684 | D:3      | Huge Dmg: 9 dmg
  1686 | D:3      | Huge Dmg: 2 dmg
  1686 | D:3      | Mangled by a gnoll

Vault maps used:
D:1:      dpeg_arrival_arbitrary_a
D:2:      nicolae_ru_awakened_eye
D:3:      chequers_temple_overflow_statue_of_worship,
          chequers_ecumenical_altar_island

Skill      XL: |  1  2  3  4  5 |
---------------+----------------+-----
Maces & Flails | 3 4 5 |  5.0
Dodging        | 3 |  3.0
Fighting       | |  4.0

Action                   |  1- 3 |  4- 6 || total
-------------------------+-------+-------++-------
Melee: Mace              |    91 |    46 ||   137
Invok: Berserk           |       |     1 ||     1
  Eat: Chunk             |     2 |     1 ||     3
Armor: Animal skin       |    27 |     8 ||    35
Dodge: Dodged            |    49 |    32 ||    81

Table legend:
 A = Spawn XP
 B = Non-spawn XP
 C = Spawn XP percentage of total XP
 D = Spawn monster count
 E = Non-spawn monster count
 F = Spawn count percentage of total count
 G = Total turns spent on level
                    A         B        C        D         E        F      G
               +---------+---------+-------+---------+---------+-------+---------
         Total |       0 |     188 |   0.0 |       0 |      48 |   0.0 |  1686
               +---------+---------+-------+---------+---------+-------+---------
           D:1 |       0 |      27 |   0.0 |       0 |      14 |   0.0 |   732
           D:2 |       0 |      44 |   0.0 |       0 |      16 |   0.0 |   772
           D:3 |       0 |     117 |   0.0 |       0 |      18 |   0.0 |   182
               +---------+---------+-------+---------+---------+-------+---------
